 Dungeon Sprint DCSS version 0.28-a0-1412-gf95308ed99 (webtiles) character file.

Game seed: 4503577234968481316

3672 brmiller01 the Severer (level 9, 0/95 HPs)
             Began as a Minotaur Berserker on Jan 6, 2022.
             Was an Elder of Trog.
             Slain by an unseen horror (4 damage)
             ... in the Dungeon (Sprint I: "Red Sonja").
             The game lasted 00:03:54 (1513 turns).

brmiller01 the Severer (Minotaur Berserker)         Turns: 1513, Time: 00:03:55

Health: 0/95       AC: 13    Str: 27    XL:     9   Next: 89%
Magic:  8/8        EV: 11    Int:  4    God:    Trog [****..]
Gold:   739        SH:  0    Dex:  9    Spells: 8/8 levels left

rFire   . . .      SeeInvis .   a - +0 hand axe
rCold   . . .      Faith    .   (no shield)
rNeg    . . .      Spirit   .   l - +0 scale mail
rPois   .          Reflect  .   (helmet restricted)
rElec   .          Harm     .   m - +2 cloak
rCorr   .          Rampage  .   (no gloves)
Will    .....      NoTele   +   (no boots)
Stlth   ..........              (no amulet)
HPRegen 0.25/turn               (no ring)
MPRegen 0.11/turn               (no ring)

@: on berserk cooldown, slowed, very slow
A: horns 2, retaliatory headbutt
a: Renounce Religion, Berserk, Trog's Hand, Brothers in Arms


You were in the Dungeon.
You worshipped Trog.
Trog was greatly pleased with you.
You visited 1 branch You collected 937 gold pieces.
You spent 198 gold pieces at shops.

Inventory:

Hand Weapons
 a - a +0 hand axe (weapon)
Armour
 l - a +0 scale mail (worn)
 m - a +2 cloak (worn)
Wands
 i - a wand of polymorph (7)
 k - a wand of paralysis (9)
 n - a wand of iceblast (6)
Scrolls
 b - 2 scrolls of identify {unknown}
 h - 2 scrolls of blinking
 j - a scroll of brand weapon {unknown}
Potions
 c - 4 potions of curing
 d - a potion of heal wounds
 e - a potion of haste
 f - 2 potions of magic
 g - a potion of berserk rage


   Skills:
 + Level 14.2 Fighting
 * Level 19.2 Axes
 + Level 14.0 Armour
 - Level 2.1 Dodging


You had 8 spell levels left.
You didn't know any spells.
Your spell library was empty.

Dungeon Overview and Level Annotations

Branches:
Dungeon (1/1)

Altars:
Sif Muna
Vehumet
Wu Jian

Shops:
D [


Innate Abilities, Weirdness & Mutations

You have a pair of horns on your head.
You reflexively headbutt those who attack you in melee.


Message History

* * * LOW HITPOINT WARNING * * *
You barely miss something. Your headbutt misses something. You hit something.
Something hits you but does no damage. Something hits you.
* * * LOW HITPOINT WARNING * * *
Something hits you but does no damage.
You feel a strong urge to attack something.
Something hits you but does no damage.
Something hits you but does no damage. x2
You feel your anger nearly subside.
You are no longer berserk.
You are exhausted.
You feel yourself slow down. Something hits you but does no damage.
Something hits you.
* * * LOW HITPOINT WARNING * * *
Something hits you but does no damage. Something hits you.
* * * LOW HITPOINT WARNING * * *
Something hits you!
* * * LOW HITPOINT WARNING * * *
Something hits you but does no damage. x2; Something hits you!
* * * LOW HITPOINT WARNING * * *
Something hits you but does no damage.
Something hits you but does no damage. x2
There is an open door here.
You slash something! Something hits you but does no damage. Something hits you.
* * * LOW HITPOINT WARNING * * *
You hit something but do no damage. Your headbutt misses something.
Something hits you but does no damage.
You slash something! Trog accepts your kill.
Reactivating autopickup.
You feel a bit more experienced. Something hits you but does no damage.
Deactivating autopickup; reactivate with Ctrl-A.
Your Armour skill increases to level 14!
Something hits you but does no damage. x2
Something hits you but does no damage. Something hits you.
* * * LOW HITPOINT WARNING * * *
Something hits you.
* * * LOW HITPOINT WARNING * * *
There is an open door here.
You barely miss something. Something hits you.
You die...

##)#_.+§≈§§§§.§#
+..._#§)§§§#..#
#_.#'##'#####'###
##'#.#.)[(###.†.#
####.####'###.###.#
..'...'[....'.∩##§#
###...###########§#
###.###....§.§##§#
#.#'#.#.......{@§#
#.....#+++######§#
#.[.(.# #§# #######
+.# ###


There were no monsters in sight!

Vanquished Creatures
  2 centaur warriors (D)
  Sonja (D)
  A deep troll (D)
  An oklob plant (D)
  An unseen horror (D)
  A hornet (D)
  Sigmund (D)
  2 redbacks (D)
  An ogre (D)
  A jelly (D)
  Ijyb (D)
13 creatures vanquished.

Vanquished Creatures (others)
  A gargoyle (D)
  2 ballistomycete spores (D)
3 creatures vanquished.

Grand Total: 16 creatures vanquished

Notes
Turn   | Place    | Note
-------+----------+-------------------------------------------
     0 | D        | brmiller01 the Minotaur Berserker began the quest for the
                  | Orb.
     0 | D        | Reached XP level 1. HP: 19/19 MP: 0/0
     2 | D        | Noticed Ijyb
     7 | D        | Killed Ijyb
     8 | D        | Reached skill level 5 in Fighting
     8 | D        | Reached skill level 6 in Axes
     8 | D        | Reached XP level 2. HP: 29/29 MP: 1/1
    48 | D        | Noticed an ogre
    55 | D        | Killed an ogre
    56 | D        | Reached skill level 8 in Axes
    56 | D        | Reached skill level 5 in Armour
    56 | D        | Reached XP level 3. HP: 37/38 MP: 2/2
    56 | D        | Reached XP level 4. HP: 44/45 MP: 3/3
    67 | D        | Noticed Sigmund
    83 | D        | Killed Sigmund
    83 | D        | Reached ** piety under Trog
    84 | D        | Reached skill level 11 in Axes
    84 | D        | Reached XP level 5. HP: 53/53 MP: 4/4
   135 | D        | Found an ornate altar of the Wu Jian Council.
   135 | D        | Found a shimmering blue altar of Sif Muna.
   137 | D        | Found a radiant altar of Vehumet.
   145 | D        | Reached XP level 6. HP: 26/62 MP: 5/5
   159 | D        | Noticed Sonja
   175 | D        | Killed Sonja
   176 | D        | Reached skill level 10 in Fighting
   176 | D        | Reached skill level 14 in Axes
   176 | D        | Reached skill level 10 in Armour
   176 | D        | Reached XP level 7. HP: 18/73 MP: 6/6
   511 | D        | Noticed a deep troll
   519 | D        | Killed a deep troll
   519 | D        | Reached *** piety under Trog
   520 | D        | Reached skill level 15 in Axes
   520 | D        | Reached XP level 8. HP: 24/83 MP: 7/7
   658 | D        | Killed a gargoyle
   908 | D        | Found Ekay's Armour Emporium.
   916 | D        | Bought a +2 cloak for 198 gold pieces
   937 | D        | Noticed a centaur warrior
   941 | D        | Noticed a centaur warrior
   958 | D        | Killed a centaur warrior
   959 | D        | Reached skill level 17 in Axes
   964 | D        | Killed a centaur warrior
   965 | D        | Reached skill level 18 in Axes
   965 | D        | Reached XP level 9. HP: 93/93 MP: 8/8
   988 | D        | Paralysed by a hornet for 1 turns
  1013 | D        | Noticed an oklob plant
  1293 | D        | Killed an oklob plant
  1454 | D        | Reached **** piety under Trog
  1469 | D        | Reached skill level 19 in Axes
  1510 | D        | Killed an unseen horror
  1512 | D        | HP: 4/95 [something (1)]
  1513 | D        | Slain by an unseen horror

Illustrated notes

Levels and vault maps discovered:
D:        dungeon_sprint_1 [red_sonja_temple_1, red_sonja_temple_small_1]

Skill      XL: |  1  2  3  4  5  6  7  8  9 |
---------------+----------------------------+-----
Fighting       | 5 6 8 10 11 13 14 | 14.2
Axes           | 6 8 11 14 15 18 19 | 19.2
Armour         | 4 5 7 10 11 13 14 | 14.0
Dodging        | |  2.1

Action                   |  1- 3 |  4- 6 |  7- 9 || total
-------------------------+-------+-------+-------++-------
Melee: Unarmed           |     2 |       |       ||     2
       Hand axe          |     7 |    22 |    66 ||    95
       Headbutt          |     1 |     1 |    11 ||    13
Invok: Berserk           |     1 |     2 |     4 ||     7
       Trog's Hand       |       |       |     1 ||     1
Armor: Scale mail        |       |       |    58 ||    58
Dodge: Dodged            |     4 |     8 |    19 ||    31

Table legend: (Time is in decaauts)
 A = Elapsed time spent in this place.
 B = Non-inter-level travel time spent in this place.
 C = Inter-level travel time spent in this place.
 D = Time resting spent in this place.
 E = Time spent auto-exploring this place.
 F = Levels seen in this place.
 G = Mean time per level.
                   A        B        C        D        E       F      G
               +--------+--------+--------+--------+--------+-----+--------+
         Total |   1548 |   1537 |     11 |   1185 |     55 |   1 | 1548.0 |
       Dungeon |   1548 |   1537 |     11 |   1185 |     55 |   1 | 1548.0 |
               +--------+--------+--------+--------+--------+-----+--------+

Top non-repeatable levels by time:
       D: 1548 daAuts
